 Dungeon Crawl Stone Soup version 0.29-a0-834-g1e95ca9f62 (webtiles) character file.

Game seed: 7835334138780356097

54107 xian the Blocker (level 14, -17/111 HPs)
             Began as a Grey Draconian Fighter on July 13, 2022.
             Was an Initiate of Gozag.
             Killed from afar by a deep elf knight (29 damage)
             ... with a shard of ice
             ... on level 2 of the Elven Halls.
             The game lasted 01:27:34 (25078 turns).

xian the Blocker (Grey Draconian Fighter)          Turns: 25078, Time: 01:27:35

Health: -17/111    AC: 20    Str: 24    XL:     14   Next: 33%
Magic:  14/14      EV: 23    Int: 13    God:    Gozag
Gold:   1802       SH: 14    Dex: 18    Spells: 13/13 levels left

rFire   . . .      SeeInvis .   m - +8 whip "Ycenlume" {vorpal, Int+2}
rCold   . . .      Faith    .   k - +0 kite shield
rNeg    . . .      Spirit   .   (body armour unavailable)
rPois   .          Reflect  .   j - +3 hat "Veadu" {Fly Int+2}
rElec   .          Harm     .   i - +2 cloak
rCorr   .          Rampage  .   (no gloves)
Will    +....                   c - +0 pair of boots
Stlth   ++++......              r - amulet of regeneration
HPRegen 1.08/turn               G - +4 ring of evasion
MPRegen 0.14/turn               C - +6 ring of strength

@: marked, flying, studying Maces & Flails
A: AC +13, amphibious, unfitting armour, cold-blooded, agile 1, frail 1,
screaming 1
a: Renounce Religion, Potion Petition, Call Merchant, Bribe Branch


You were on level 2 of the Elven Halls.
You worshipped Gozag.
Gozag was most pleased with you.
You visited 4 branches of the dungeon, and saw 17 of its levels.
You also visited: Ice Cave.

You collected 5062 gold pieces.
You spent 3217 gold pieces at shops.
You paid 43 gold pieces to Gozag.

Inventory:

Hand Weapons
 m - the +8 whip "Ycenlume" (weapon) {vorpal, Int+2}
   (You took it off an orc priest on level 5 of the Dungeon)

   It inflicts extra damage upon your enemies.
   Int:       It affects your intelligence (+2).
 n - the +4 dagger "Morg" {pain, Will+ Int+5}
   (You found it on level 9 of the Dungeon)

   In the hands of one skilled in necromantic magic, it inflicts extra damage on
   living creatures.
   Int:       It affects your intelligence (+5).
   Will:      It increases your willpower.
 F - the +5 shortbow of Eternal Vigilance {vorpal, Str+4}
   (You bought it in a shop on level 2 of the Orcish Mines)

   Any ammunition fired from it inflicts extra damage upon your enemies.
   Str:       It affects your strength (+4).
Missiles
 a - 5 javelins
 g - 26 poisoned darts (quivered)
 o - 4 silver boomerangs
 q - 9 datura-tipped darts
 s - a throwing net
Armour
 c - a +0 pair of boots (worn)
 i - a +2 cloak (worn)
 j - the +3 hat "Veadu" (worn) {Fly Int+2}
   (You acquired it on level 11 of the Dungeon)

   Int:       It affects your intelligence (+2).
   Fly:       It grants you flight.
 k - a +0 kite shield (worn)
Jewellery
 r - an amulet of regeneration (around neck)
 C - a +6 ring of strength (right hand)
 G - a +4 ring of evasion (left hand)
Wands
 b - a wand of quicksilver (11)
 f - a wand of charming (7)
 u - a wand of polymorph (3)
 w - a wand of roots (17)
 A - a wand of digging (6)
Scrolls
 d - 2 scrolls of poison
 e - 2 scrolls of fear
 t - a scroll of amnesia
 v - 2 scrolls of silence
 x - a scroll of blinking
 y - a scroll of enchant weapon
 z - 7 scrolls of identify
 D - 2 scrolls of fog
 E - a scroll of immolation
Potions
 h - a potion of lignification
 l - a potion of mutation
Miscellaneous
 p - a piece from Xom's chessboard (15/15)
 B - a condenser vane
 H - a phial of floods (inert)


   Skills:
 + Level 11.3 Fighting
 + Level 5.9(6.2) Short Blades
 + Level 2.6(4.6) Long Blades
 - Level 12.0 Maces & Flails
 + Level 1.9 Throwing
 + Level 12.4 Dodging
 + Level 7.1 Stealth
 + Level 14.7 Shields
 + Level 1.3 Evocations


You had 13 spell levels left.
You didn't know any spells.
Your spell library contained the following spells:

 Spells                   Type           Power      Damage    Failure   Level
 Necrotise                Necr           0%         1d4       50%         1
 Ensorcelled Hibernation  Hex/Ice        0%         N/A       63%         2
 Passwall                 Tmut/Erth      0%         N/A       63%         2
 Scorch                   Fire           0%         2d5       63%         2
 Static Discharge         Conj/Air       0%         3-3/arc   63%         2
 Sublimation of Blood     Necr           0%         N/A       63%         2
 Frozen Ramparts          Ice            0%         1d2       86%         3
 Gell's Gravitas          Tloc           0%         N/A       86%         3
 Inner Flame              Hex/Fire       0%         N/A       86%         3
 Lesser Beckoning         Tloc           0%         N/A       86%         3
 Ozocubu's Armour         Ice            0%         N/A       86%         3
 Portal Projectile        Hex/Tloc       0%         N/A       86%         3
 Swiftness                Air            0%         N/A       86%         3
 Teleport Other           Tloc           0%         N/A       86%         3
 Tukima's Dance           Hex            0%         N/A       86%         3
 Vampiric Draining        Necr           0%         2d6       86%         3
 Cause Fear               Hex            0%         N/A       99%         4
 Dispel Undead            Necr           0%         3d6       99%         4
 Flame Wave               Conj/Fire      0%         2d4       99%         4
 Ice Form                 Ice/Tmut       0%         N/A       99%         4
 Passage of Golubria      Tloc           0%         N/A       99%         4
 Petrify                  Tmut/Erth      0%         N/A       99%         4
 Sticky Flame             Conj/Fire      0%         2d3       99%         4
 Summon Ice Beast         Ice/Summ       0%         N/A       99%         4
 Agony                    Necr           0%         N/A       100%        5
 Blade Hands              Tmut           0%         N/A       100%        5
 Irradiate                Conj/Tmut      0%         3d11      100%        5
 Lightning Bolt           Conj/Air       0%         1d11      100%        5
 Silence                  Hex/Air        0%         N/A       100%        5
 Summon Forest            Summ/Tloc      0%         N/A       100%        5
 Summon Mana Viper        Hex/Summ       0%         N/A       100%        5
 Dispersal                Tloc           0%         N/A       100%        6
 Summon Cactus Giant      Summ           0%         N/A       100%        6
 Ozocubu's Refrigeration  Ice            0%         4d5       100%        7
 Discord                  Hex            0%         N/A       100%        8
 Lehudib's Crystal Spear  Conj/Erth      0%         10d2      100%        8
 Maxwell's Capacitive Co  Air            0%         ∞         100%        8


Dungeon Overview and Level Annotations

Branches:
Dungeon (12/15)            Temple (0/1) D:5            Lair (1/6) D:11
    Orc (2/2) D:12            Elf (2/3) Orc:2         IceCv (visited)

Altars:
Gozag
Qazlal
Ru
Trog
Vehumet
Xom

Shops:
D:4 ?   Orc:2 =*?(

Annotations:
D:3 2 runed translucent doors, Encipher's ghost, amateur OpTm
D:4 Ijyb
Elf:1 1 transporter


Innate Abilities, Weirdness & Mutations

Your dull iron-grey scales are very hard. (AC +13)
You are amphibious.
You cannot fit into any form of body armour.
You are cold-blooded and may be slowed by cold attacks.
You are agile. (Dex +4, Str/Int -1)
You are frail. (-10% HP)
You occasionally shout uncontrollably at your foes.


Message History

An arrow appears from out of thin air!
The arrow closely misses you.
Things that are here:
a +0 long sword; a +3 leather armour You hear a twanging sound.
An arrow appears from out of thin air!
The arrow hits you!
* * * LOW HITPOINT WARNING * * *
You hear a twanging sound.
An arrow appears from out of thin air!
The arrow hits you!
* * * LOW HITPOINT WARNING * * *
There is an open door, spattered with blood here.
You start resting.
You hear a twanging sound.
An arrow appears from out of thin air!
The arrow hits you but does no damage.
You start resting.
You hear a twanging sound.
An arrow appears from out of thin air!
The arrow misses you.
You start resting.
You hear a twanging sound.
An arrow appears from out of thin air!
The arrow hits you.
* * * LOW HITPOINT WARNING * * *
Okay, then.
As you read the scroll of fog, it crumbles to dust.
The scroll dissolves into smoke.
You hear some strange, mumbled words.
A shard of ice appears from out of thin air!
The shard of ice misses you.
You hear a twanging sound.
An arrow appears from out of thin air!
The arrow hits you but does no damage.
You hear a twanging sound.
An arrow appears from out of thin air!
The arrow misses you. Something hits you but does no damage.
You hit something. Something hits you!
* * * LOW HITPOINT WARNING * * *
You whack something!
Your tail-slap misses something.
The deep elf archer points at you and mumbles some strange words.
You hear some strange, mumbled words.
A shard of ice appears from out of thin air!
The shard of ice hits you!!
You die...
Your body crumbles into a pile of gold.

##.## ######.##
##...#'## . ##.....##
.e
#).♣♣..$###########ee.
#.♣♣8§§§§.).......'e..
#<.♣§§§e###########e..
##..♣§{#+ .. ##..@## .
##+##


You could see a deep elf archer (repels missiles).

Vanquished Creatures
  An orc warlord (D:12)
  A deep elf elementalist (Elf:1)
  A deep elf annihilator (Elf:2)
  A boulder beetle (D:12)
  6 hydras
  6 two-headed ogres
  7 orc high priests (Orc:2)
  4 deep elf knights
  A flayed ghost (D:12)
  2 skeletal warriors
  A bog body (IceCv)
  3 deep elf archers
  6 deep elf zephyrmancers
  A necromancer (IceCv)
  5 deep elf pyromancers
  3 ugly things (D:12)
  2 orc sorcerers (Orc:1)
  A cyclops (D:12)
  A manticore (D:12)
  A black mamba (Lair:1)
  Joseph (D:8)
  2 gargoyles (D:12)
  4 cane toads (Lair:1)
  A spectral unseen horror (D:9)
  5 entropy weaver simulacra (IceCv)
  4 komodo dragons
  7 ice devils (IceCv)
  4 anaconda simulacra (IceCv)
  8 trolls
  A hornet (shapeshifter) (Elf:1)
  Grinder (D:6)
  Sigmund (D:5)
  4 wraiths
  A dire elephant simulacrum (IceCv)
  2 air elementals (Elf:1)
  A wyvern (D:6)
  4 shadows
  An unseen horror simulacrum (D:9)
  A vampire (D:12)
  Eustachio (D:4)
  19 yaks
  A steam dragon (D:7)
  Menkaure (D:5)
  9 vampire mosquitoes
  5 wargs (Orc:2)
  An acid dragon (D:10)
  7 water moccasins
  23 orc warriors
  A black bear (D:6)
  An ice beast (D:7)
  4 ogres
  6 centaurs
  4 wolves (Lair:1)
  A kobold brigand (D:6)
  2 necrophages
  5 bullfrogs
  2 gnoll sergeants (D:10)
  3 scorpions
  2 earth elementals (Elf:2)
  25 wights
  13 killer bees
  An elephant simulacrum (Lair:1)
  4 howler monkeys
  A spectral centaur (D:9)
  7 hounds
  Crazy Yiuf (D:5)
  5 gnoll boudas
  37 orc priests
  3 jellies
  4 iguanas
  27 orc wizards
  Natasha (thrice) (D:3)
  A polar bear simulacrum (IceCv)
  A troll simulacrum (IceCv)
  Robin (D:3)
  42 gnolls
  3 adders
  A white imp (IceCv)
  An ufetubus (IceCv)
  A worm (D:2)
  5 dart slugs
  83 orcs
  3 bats
  6 endoplasms
  4 giant cockroaches
  16 goblins
  10 hobgoblins
  9 kobolds
  6 quokkas
  5 ball pythons
  3 frilled lizards
  4 rats
  A butterfly (D:5)
542 creatures vanquished.

Vanquished Creatures (others)
  A dancing weapon (Elf:1)
  A deep elf archer (Elf:2)
  A deep elf zephyrmancer (Elf:2)
  A spectral howler monkey (D:9)
  3 orcs
  4 fungi
  11 plants
  7 withered plants (D:9)
29 creatures vanquished.

Grand Total: 571 creatures vanquished

Notes
Turn   | Place    | Note
-------+----------+-------------------------------------------
     0 | D:1      | xian the Draconian Fighter began the quest for the Orb.
     0 | D:1      | Reached XP level 1. HP: 19/19 MP: 1/1
   282 | D:1      | Reached XP level 2. HP: 26/26 MP: 2/2
  1293 | D:2      | Reached XP level 3. HP: 33/33 MP: 3/3
  1756 | D:2      | Found a sacrificial altar of Ru.
  1876 | D:3      | Found a sacrificial altar of Ru.
  1876 | D:3      | Found a stormy altar of Qazlal.
  1877 | D:3      | Noticed Robin
  1882 | D:2      | Reached skill level 1 in Stealth
  1969 | D:3      | Noticed Natasha
  1990 | D:3      | Killed Natasha
  1991 | D:3      | Reached XP level 4. HP: 15/40 MP: 4/4
  2217 | D:3      | Found an opulent altar of Gozag.
  2226 | D:3      | Became a worshipper of Gozag Ym Sagoz the Greedy
  2508 | D:3      | Noticed Natasha
  2514 | D:3      | Killed Natasha
  2515 | D:3      | Reached skill level 1 in Short Blades
  2519 | D:3      | Killed Robin
  2898 | D:3      | Noticed Natasha
  2932 | D:3      | Killed Natasha
  2933 | D:3      | Reached XP level 5. HP: 39/46 MP: 5/5
  3098 | D:3      | Found a large runed translucent door.
  3098 | D:3      | Found a large runed translucent door.
  3109 | D:3      | Noticed Encipher's ghost (amateur OpTm)
  3163 | D:3      | Found a faded altar of an unknown god.
  3529 | D:3      | You fall into a shaft and drop 2 floors!
  3529 | D:5      | Entered Level 5 of the Dungeon
  3597 | D:5      | Noticed Grinder
  3615 | D:5      | Paralysed by Grinder for 4 turns
  3631 | D:6      | HP: 1/47 [Grinder (2)]
  3633 | D:6      | Killed Grinder
  3634 | D:6      | Reached XP level 6. HP: 1/53 MP: 6/6
  4004 | D:5      | Found a shimmering altar of Xom.
  4271 | D:4      | Noticed Ijyb
  4670 | D:4      | Noticed Eustachio
  4699 | D:4      | Reached skill level 4 in Shields
  4699 | D:4      | Your scales start taking on a dull iron-grey colour.
  4699 | D:4      | Reached XP level 7. HP: 46/60 MP: 7/7
  4733 | D:4      | Killed Eustachio
  4734 | D:4      | Reached skill level 5 in Fighting
  4999 | D:4      | Found Meaquf's Magic Scroll Shop.
  5012 | D:4      | Bought a scroll of identify for 22 gold pieces
  5012 | D:4      | Bought a scroll of identify for 22 gold pieces
  5012 | D:4      | Bought a scroll of identify for 22 gold pieces
  5021 | D:4      | Bought a scroll of enchant armour for 82 gold pieces
  5174 | D:4      | Noticed a yak
  5174 | D:4      | Noticed a yak
  5191 | D:4      | Noticed a yak
  5192 | D:4      | Noticed a yak
  5193 | D:4      | Noticed a yak
  5195 | D:4      | Noticed a yak
  5214 | D:4      | Killed a yak
  5505 | D:4      | Killed a yak
  5506 | D:4      | Reached skill level 5 in Dodging
  5575 | D:4      | Reached skill level 5 in Shields
  5575 | D:4      | Reached XP level 8. HP: 32/68 MP: 8/8
  6208 | D:4      | Reached skill level 6 in Shields
  6217 | D:4      | Reached skill level 5 in Short Blades
  6485 | D:5      | Found a staircase to the Ecumenical Temple.
  6497 | D:5      | Noticed Menkaure
  6514 | D:5      | HP: 2/70 [gnoll/+0 flail (5)]
  6854 | D:5      | Killed Menkaure
  7374 | D:5      | Found a runed translucent door.
  7375 | D:5      | Noticed Crazy Yiuf
  7384 | D:5      | Killed Crazy Yiuf
  7385 | D:5      | Reached XP level 9. HP: 73/75 MP: 9/9
  7514 | D:5      | Noticed Sigmund
  7525 | D:5      | Killed Sigmund
  7530 | D:5      | Identified the +8 whip "Ycenlume" {vorpal, Int+2}
  8279 | D:6      | Reached skill level 7 in Shields
  8528 | D:6      | Reached skill level 1 in Maces & Flails
  8559 | D:5      | HP: 3/75 [iguana (8)]
  9785 | D:6      | Found a radiant altar of Vehumet.
 10276 | D:6      | HP: 3/77 [wyvern (11)]
 10654 | D:7      | Reached skill level 8 in Shields
 10857 | D:7      | Reached XP level 10. HP: 59/84 MP: 10/10
 11839 | D:8      | Reached skill level 5 in Maces & Flails
 11858 | D:7      | HP: 2/82 [killer bee (6)]
 12240 | D:8      | Found a bloodstained altar of Trog.
 12693 | D:8      | Noticed Joseph
 12710 | D:8      | Killed Joseph
 13164 | D:9      | Noticed a two-headed ogre
 13176 | D:9      | Killed a two-headed ogre
 13177 | D:9      | Reached skill level 1 in Throwing
 13479 | D:9      | Reached skill level 9 in Shields
 13487 | D:9      | Reached skill level 1 in Evocations
 13524 | D:9      | HP: 2/86 [yak (9)]
 13533 | D:10     | Entered Level 10 of the Dungeon
 14013 | D:10     | Reached XP level 11. HP: 38/92 MP: 11/11
 14910 | D:10     | Noticed a two-headed ogre
 14923 | D:10     | Killed a two-headed ogre
 16338 | D:9      | Noticed a skeletal warrior
 16367 | D:9      | Killed a skeletal warrior
 16383 | D:9      | Found the +4 dagger "Morg" {pain, Will+ Int+5}
 16404 | D:9      | Reached skill level 10 in Shields
 16650 | D:11     | Noticed a seven-headed hydra
 16665 | D:11     | Killed a seven-headed hydra
 16666 | D:11     | Reached skill level 10 in Maces & Flails
 17087 | D:11     | Reached skill level 5 in Stealth
 17118 | D:11     | Found a staircase to the Lair.
 17132 | Lair:1   | Entered Level 1 of the Lair of Beasts
 17181 | Lair:1   | Found a frozen archway.
 17237 | IceCv    | Entered an ice cave
 17568 | IceCv    | HP: 3/95 [ice beast[an ice statue] (4)]
 17689 | IceCv    | Reached XP level 12. HP: 103/103 MP: 12/12
 17815 | IceCv    | Reached skill level 11 in Shields
 19282 | D:11     | Identified a scroll of acquirement
 19282 | D:11     | Acquired the +3 hat "Veadu" {Fly Int+2}
 19300 | D:11     | Noticed a two-headed ogre
 19341 | D:11     | Killed a two-headed ogre
 19342 | D:11     | Reached skill level 10 in Dodging
 19933 | D:12     | Reached skill level 12 in Shields
 19980 | D:12     | Noticed a six-headed hydra
 19985 | D:12     | Noticed a four-headed hydra
 20178 | D:12     | Killed a four-headed hydra
 20273 | D:12     | Noticed a two-headed ogre
 20283 | D:12     | Killed a two-headed ogre
 20328 | D:12     | Noticed an eight-headed hydra
 20328 | D:12     | Noticed a two-headed ogre
 20328 | D:12     | Noticed an eight-headed hydra
 20446 | D:12     | Reached XP level 13. HP: 67/111 MP: 13/13
 20714 | D:12     | Found a staircase to the Orcish Mines.
 20962 | D:12     | Reached skill level 10 in Fighting
 21133 | D:12     | Reached skill level 13 in Shields
 21604 | Orc:1    | Entered Level 1 of the Orcish Mines
 21610 | Orc:1    | Noticed an orc warlord
 21752 | D:12     | Killed an orc warlord
 22441 | Orc:2    | Entered Level 2 of the Orcish Mines
 23168 | Orc:2    | Gained mutation: You sometimes lose your temper in combat.
                  | [a neqoxec]
 23289 | Orc:2    | Reached skill level 14 in Shields
 23375 | Orc:2    | Found Ihamn's Magic Scroll Shop.
 23375 | Orc:2    | Found Vunis's Weapon Shoppe.
 23397 | Orc:2    | Bought a scroll of blinking for 75 gold pieces
 23397 | Orc:2    | Bought a scroll of enchant armour for 75 gold pieces
 23397 | Orc:2    | Bought a scroll of blinking for 75 gold pieces
 23411 | Orc:2    | Bought the +5 shortbow of Eternal Vigilance {vorpal, Str+4}
                  | for 628 gold pieces
 23517 | Orc:2    | Found Sengo's Jewellery Shop.
 23517 | Orc:2    | Found Cuejat's Assorted Antiques.
 23681 | Orc:2    | Bought a runed battleaxe for 304 gold pieces
 23681 | Orc:2    | Bought a phial of floods for 1280 gold pieces
 23681 | Orc:2    | Bought a potion of might for 128 gold pieces
 23691 | Orc:2    | Bought a +4 ring of evasion for 504 gold pieces
 24020 | Orc:2    | Found a staircase to the Elven Halls.
 24058 | Elf:1    | Entered Level 1 of the Elven Halls
 24102 | Elf:1    | Found a transporter.
 24174 | Elf:1    | Paralysed by an air elemental for 1 turns
 24210 | Elf:1    | Reached XP level 14. HP: 124/124 MP: 14/14
 24219 | Elf:1    | Noticed a deep elf elementalist
 24298 | Elf:1    | Killed a deep elf elementalist
 24309 | Elf:1    | HP: 8/186 [poisoned by a +2 short sword of venom]
 24310 | Elf:1    | HP: 3/124 [poisoned by a +2 short sword of venom]
 24604 | Elf:1    | Paralysed by an air elemental for 1 turns
 24633 | Elf:1    | Noticed a Hell Sentinel
 24913 | Elf:2    | Lost mutation: You sometimes lose your temper in combat.
                  | [potion of mutation]
 24913 | Elf:2    | Gained mutation: You are frail. (-10% HP) [potion of
                  | mutation]
 24913 | Elf:2    | Gained mutation: You occasionally shout uncontrollably at
                  | your foes. [potion of mutation]
 24913 | Elf:2    | Gained mutation: You are agile. (Dex +4, Str/Int -1)
                  | [potion of mutation]
 24922 | Elf:2    | HP: 2/111 [fire elemental[a deep elf pyromancer] (5)]
 25078 | Elf:2    | Killed from afar by a deep elf knight

Illustrated notes

Levels and vault maps discovered:
D:1:      dpeg_arrival_court, layout_basic, dreamdust_mushroom_princess,
          chequers_serial_rivers_small_3
D:2:      layout_loops_ring, basic_altar, lemuel_flame_loot_1
D:3:      minmay_evil_eye, layout_rooms, grunt_temple_overflow_open,
          shapermc_ecumenical_altar_mp_urbaneastern,
          ebering_ghost_disaster_area, uniq_robin, uniq_natasha
D:4:      layout_basic, serial_shops, kennysheep_little_box, uniq_ijyb,
          uniq_eustachio
D:5:      layout_loops_ring, xom_butterflies, minmay_temple_entry_stoned_glass,
          sigmund_army, uniq_sigmund, uniq_grinder, uniq_crazy_yiuf_cottage,
          uniq_menkaure
D:6:      layout_cave_pods, marbit_many_paths
D:7:      layout_rooms, minmay_manual_mares
D:8:      layout_cave_pools, mainiacjoe_overflow_24_doors,
          minmay_sticks_and_stones
D:9:      layout_big_octagon, chequers_mini_garden, dilly_guarded_unrand_morg
D:10:     layout_gridville
D:11:     layout_roguey, grunt_lair_entry_orc_guard_hut, serial_corexii_hall,
          corexii_hall_statues_l, corexii_hall_statues_x,
          corexii_hall_statues_s, chequers_hall_statues_wall_a,
          grunt_decor_fettered
D:12:     nzn_winding_woodlands_cross
          [nzn_winding_woodlands_5x15_pathside_ponds,
          nzn_winding_woodlands_5x15_concentric,
          nzn_winding_woodlands_5x15_default,
          nzn_winding_woodlands_5x15_sidewinder,
          nzn_winding_woodlands_15x15_killbox], layout_stronghold,
          minmay_orc_entry_temple_small
Lair:1:   layout_regular_city, portal_ice_cave_entry_ice_simulacra
Orc:1:    layout_diamond_mine, library_closet, nicolae_orc_pool_cavern,
          guppyfry_library_mini
Orc:2:    st_orc_town, layout_caves, basic_altar
Elf:1:    gammafunk_its_a_trap, layout_geoelf_octagon, serial_co_window_serial,
          co_window_paths_a, co_window_paths_a, co_window_paths_a,
          co_window_of_opportunity_a, co_window_corner_a,
          co_window_unsneaky_path_a, co_window_paths_c,
          co_window_of_opportunity_b, glass_columns_b, glass_columns_a,
          glass_columns_a, orc_legates, wad_dig_loot
Elf:2:    nicolae_elf_blades_crystal_corner, layout_geoelf_diagonals

Skill      XL: |  1  2  3  4  5  6  7  8  9 10 11 12 13 14 |
---------------+-------------------------------------------+-----
Dodging        | 3 4 5 6 7 9 10 11 12 | 12.4
Stealth        | 1 2 3 4 5 6 7 |  7.1
Fighting       | 4 5 6 7 8 9 11 | 11.3
Short Blades   | 1 3 4 5 |  5.9
Shields        | 4 5 6 8 9 10 12 14 | 14.7
Maces & Flails | 3 8 11 12 | 12.0
Throwing       | 1 |  1.9
Evocations     | 1 |  1.3
Long Blades    | |  2.6

Action                   |  1- 3 |  4- 6 |  7- 9 | 10-12 | 13-15 || total
-------------------------+-------+-------+-------+-------+-------++-------
Melee: Long sword        |    66 |       |       |       |       ||    66
       Tailslap          |    10 |    12 |    69 |   189 |   157 ||   437
       Dagger            |    58 |   169 |   293 |       |       ||   520
       Whip              |       |       |   173 |  1039 |   848 ||  2060
Throw: Dart              |     3 |     2 |     8 |    10 |       ||    23
Evoke: Wand              |       |     3 |     1 |     9 |       ||    13
       Piece from Xom's  |       |       |       |     1 |       ||     1
       Phial of floods   |       |       |       |       |     1 ||     1
  Use: Scroll            |     4 |     1 |    17 |    10 |     4 ||    36
       Potion            |       |     3 |     3 |     9 |     7 ||    22
 Stab: Sleeping          |     2 |     1 |     1 |    10 |     3 ||    17
       Distracted        |       |       |     1 |     4 |     4 ||     9
Armor: Skin              |    36 |    72 |   163 |   356 |   199 ||   826
Dodge: Dodged            |    85 |   110 |   246 |   570 |   390 ||  1401
Block: Buckler           |    24 |    16 |       |       |       ||    40
       Kite shield       |       |    59 |   261 |   671 |   436 ||  1427

Table legend: (Time is in decaauts)
 A = Elapsed time spent in this place.
 B = Non-inter-level travel time spent in this place.
 C = Inter-level travel time spent in this place.
 D = Time resting spent in this place.
 E = Time spent auto-exploring this place.
 F = Levels seen in this place.
 G = Mean time per level.
                   A        B        C        D        E       F      G
               +--------+--------+--------+--------+--------+-----+--------+
         Total |  24569 |  23984 |    585 |   3467 |  12033 |  18 | 1364.9 |
       Dungeon |  19387 |  18858 |    529 |   3016 |  10077 |  12 | 1615.6 |
          Lair |    895 |    858 |     37 |     13 |    559 |   1 |  895.0 |
  Orcish Mines |   2175 |   2156 |     19 |      0 |    894 |   2 | 1087.5 |
   Elven Halls |    987 |    987 |      0 |    224 |    227 |   2 |  493.5 |
      Ice Cave |   1122 |   1122 |      0 |    214 |    275 |   1 | 1122.0 |
               +--------+--------+--------+--------+--------+-----+--------+

Top non-repeatable levels by time:
     D:5: 2615 daAuts
    D:10: 2405 daAuts
     D:4: 2121 daAuts
     D:6: 1891 daAuts
    D:12: 1690 daAuts
     D:7: 1466 daAuts
     D:2: 1429 daAuts
     D:3: 1393 daAuts
   Orc:2: 1391 daAuts
     D:8: 1213 daAuts
    D:11: 1132 daAuts
     D:1: 1123 daAuts
   IceCv: 1122 daAuts
     D:9: 904 daAuts
  Lair:1: 895 daAuts
